Map: Ephemeron LE

Players

Harstem

  • Race: Protoss Protoss
  • League: Grandmaster
  • Spawn Location: 11:00

A.I. 1 (Very Easy) - Winner!

  • Race: Protoss Protoss
  • Spawn Location: 5:00

VOD

Have the link to the VOD?

Description

Time

  • Played on: Nov. 3, 2019, 5:01 p.m.
  • Length: 5:49
Show
View Real Time Build Order
Export as new Build Order

Harstem Protoss 

Build Orders: Oracle Opening, Blink Stalkers 

Get SALT Encoding   

  12  0:02  Probe  
  14  0:14  Probe  
  14  0:17  Pylon  
  14  0:26  Probe (Chrono Boost)  
  15  0:37  Gateway  
  15  0:38  Probe (Chrono Boost)  
  16  0:45  Probe (Chrono Boost)  
  17  0:50  Assimilator  
  17  0:52  Probe (Chrono Boost)  
  18  0:58  Assimilator  
  18  1:04  Probe (Chrono Boost)  
  18  1:09  Gateway  
  19  1:13  Probe (Chrono Boost)  
  20  1:19  Probe  
  21  1:25  Cybernetics Core  
  21  1:31  Probe  
  22  1:40  Pylon  
  22  1:43  Probe  
  23  1:58  Probe  
  24  2:02  Stargate  
  24  2:04  Stalker  
  26  2:10  Probe  
  26  2:13  Stalker  
  29  2:20  Warp Gate  
  29  2:22  Pylon  
  29  2:45  Oracle (Chrono Boost)  
  32  3:01  Nexus  
  32  3:04  Pylon  
  32  3:05  Probe  
  33  3:17  Probe  
  34  3:23  Stalker  
  34  3:26  Twilight Council  
  36  3:29  Probe  
  37  3:36  Stalker  
  40  3:41  Probe  
  40  3:46  Pylon  
  40  3:53  Probe  
  40  3:55  Stalker  
  43  3:57  Blink (Chrono Boost)  
  43  4:06  Probe  
  44  4:13  Probe (Chrono Boost)  
  45  4:22  Probe (Chrono Boost)  
  46  4:25  Probe (Chrono Boost)  
  48  4:32  Stalker  
  48  4:33  Probe x2 (Chrono Boost)  
  48  4:34  Stalker  
  53  4:41  Probe, Forge  
  53  4:42  Probe  
  55  4:50  Assimilator  
  55  4:51  Assimilator  
  55  4:53  Probe  
  55  4:55  Probe  
  55  4:57  Stalker  
  59  5:05  Probe, Stalker  
  63  5:07  Probe  
  63  5:19  Probe, Pylon  
  63  5:20  Probe  
  63  5:21  Stalker  
  67  5:31  Probe  
  67  5:34  Gateway x2  
Show
View Real Time Build Order
Export as new Build Order

A.I. 1 (Very Easy) Protoss - Winner!

Build Orders:  

Get SALT Encoding   

  12  0:00  Probe  
  13  0:13  Probe  
  14  0:20  Pylon  
  14  0:37  Assimilator  
  14  0:43  Gateway  
  14  0:46  Pylon  
  14  1:13  Assimilator  
  14  1:22  Zealot  
  14  1:23  Probe  
  14  1:32  Probe, Cybernetics Core  
  18  1:42  Probe  
  19  1:54  Probe  
  20  1:58  Warp Gate  
  20  2:02  Probe  
  21  2:10  Probe  
  22  2:37  Stalker  
  24  3:32  Probe  
  23  3:44  Probe  
Tags
 
Composition
Blink Stalkers
Matchup
PvP
Player
Harstem
Spawn Locations
Cross Positions
Add a new tag
Caveats
  • Supply blocks, unpowered buildings, or Contaminate may cause inaccurate times.
  • Supply counts are checked every 10 seconds.